Description

(Adept,inmortal, Ht..etc)

Build Order

Get SALT Encoding   

  12  0:00  Probe (Chrono Boost)  
  13  0:11  Probe (Chrono Boost)  
  14  0:18  Pylon  
  14  0:22  Probe (Chrono Boost)  
  15  0:36  Probe (Chrono Boost)  
  15  0:37  Gateway  
  16  0:46  Probe (Chrono Boost)  
  17  0:52  Assimilator  
  17  0:53  Assimilator  
  18  0:57  Probe (Chrono Boost)  
  18  1:07  Probe (Chrono Boost)  
  18  1:08  Gateway  
  19  1:18  Probe (Chrono Boost)  
  20  1:24  Cybernetics Core  
  20  1:29  Probe (Chrono Boost)  
  21  1:39  Probe (Chrono Boost)  
  22  1:40  Pylon  
  22  1:50  Probe (Chrono Boost)  
  22  1:51  Warp Gate  
  23  2:05  Probe (Chrono Boost)  
  30  2:19  Mothership Core (Chrono Boost)  
  30  2:21  Nexus  
  26  2:29  Stalker  
  28  2:37  Stalker  
  29  2:44  Pylon  
  29  2:49  Probe (Chrono Boost)  
  30  3:01  Probe (Chrono Boost)  
  29  3:11  Probe (Chrono Boost)  
  29  3:12  Sentry x2  
  32  3:22  Probe (Chrono Boost)  
  33  3:28  Robotics Facility  
  33  3:33  Probe (Chrono Boost)  
  35  3:34  Probe (Chrono Boost)  
  35  3:43  Probe (Chrono Boost)  
  35  3:44  Probe (Chrono Boost)  
  35  3:45  Twilight Council  
  37  3:51  Pylon  
  37  3:54  Probe (Chrono Boost)  
  38  3:58  Probe (Chrono Boost)  
  39  4:05  Probe (Chrono Boost)  
  39  4:08  Probe (Chrono Boost)  
  41  4:13  Resonating Glaives, Adept  
  41  4:14  Observer  
  41  4:15  Adept  
  41  4:16  Probe (Chrono Boost)  
  47  4:21  Probe (Chrono Boost)  
  48  4:28  Probe (Chrono Boost)  
  49  4:31  Pylon  
  49  4:37  Immortal  
  51  4:40  Probe (Chrono Boost)  
  55  4:46  Probe (Chrono Boost)  
  55  4:49  Stalker  
  58  4:54  Probe (Chrono Boost)  
  58  4:57  Forge  
  59  5:01  Probe (Chrono Boost)  
  59  5:05  Adept  
  62  5:07  Probe (Chrono Boost)  
  62  5:12  Assimilator  
  62  5:13  Probe (Chrono Boost)  
  63  5:15  Protoss Ground Weapons Level 1  
  63  5:19  Probe (Chrono Boost)  
  63  5:25  Probe (Chrono Boost)  
  63  5:27  Pylon  
  67  5:29  Warp Prism  
  67  5:32  Probe (Chrono Boost)  
  66  5:38  Probe (Chrono Boost)  
  66  5:42  Gateway  
  67  5:48  Probe (Chrono Boost)  
  67  5:49  Gateway  
  66  5:52  Gateway  
  66  5:53  Probe (Chrono Boost)  
  67  5:57  Sentry  
  67  5:58  Gateway  
  67  6:01  Immortal  
  73  6:14  Probe x2 (Chrono Boost)  
  73  6:17  Assimilator, Pylon  
  75  6:26  Adept, Templar Archives  
  77  6:35  Pylon  
  77  6:39  Adept x2  
  80  6:43  Probe x2 (Chrono Boost)  
  82  6:48  Immortal  
  82  6:49  Adept x2  
  86  7:16  High Templar x2, Adept x2, Protoss Ground Weapons Level 2  
  86  7:21  Nexus  
  94  7:23  Pylon  
  94  7:35  Pylon  
  94  7:36  Pylon, Probe (Chrono Boost)  
  92  7:38  Archon, Pylon  
  92  7:41  Immortal  
  94  7:59  Adept x3  
  94  8:01  Nexus  
  97  8:12  High Templar x2  
  101  8:20  Archon  
  101  8:21  Adept x4  
  101  8:24  Probe x2 (Chrono Boost)  
  101  8:25  Pylon  
  111  8:36  Probe (Chrono Boost)  
  112  8:49  Pylon  
  112  8:50  Adept x6  
  118  9:13  Adept  
  118  9:14  Adept x3  
  117  9:26  Probe (Chrono Boost)  
  117  9:27  Probe (Chrono Boost)  
  119  9:41  Probe (Chrono Boost)  
  119  9:43  High Templar x2  
  119  9:44  Adept x4  
  128  9:49  Probe (Chrono Boost)  
  128  9:50  Probe (Chrono Boost)  
  131  9:53  Probe (Chrono Boost)  
  131  9:57  Pylon  
  131  9:59  Archon  
  131  10:09  Probe (Chrono Boost)  
  131  10:11  Adept x3, Probe x2 (Chrono Boost)  
  140  10:15  Protoss Ground Weapons Level 3  
  140  10:22  Probe (Chrono Boost)  
  140  10:23  Probe (Chrono Boost)  
  140  10:24  Probe (Chrono Boost)  
  141  10:38  High Templar x2  
  141  10:41  Adept, Pylon  
  141  10:42  Archon  
  147  10:43  Photon Cannon  
  147  10:46  Adept x2  
  147  10:48  Probe (Chrono Boost)  
  147  10:49  Probe x2 (Chrono Boost)  
  154  10:56  Adept  
  156  11:05  Adept  
  156  11:08  Pylon  
  158  11:13  Adept x3, Gateway  
  158  11:15  Observer  
  158  11:16  Gateway  
  163  11:25  Photon Cannon  
  161  11:34  Probe x2 (Chrono Boost)  
  161  11:36  Observer  
  158  11:42  Adept  
  158  11:43  Adept x2  
  164  11:52  Adept x3  
  168  12:08  Pylon  
  168  12:10  Pylon  
  168  12:14  Adept  
  168  12:15  Adept  
  172  12:21  Photon Cannon  
  170  12:37  Nexus  
  170  12:39  Pylon  
  170  12:40  Pylon  
  170  12:43  Pylon x2  
  170  12:44  Pylon  
  170  13:03  Adept x3  
  170  13:04  Adept x3  
  182  13:09  Adept  
  152  13:25  Adept x2  
  120  13:32  High Templar x3  
  120  13:34  High Templar  
  109  13:38  Archon  
  109  13:41  Archon  
  109  13:43  Adept  
Spawning Tool Build Advisor. Get it on Overwolf

Analysis

(Adept,inmortal, Ht..etc)

Go to:

Details

  • Created by: DarkHeartz
  • Published on: Nov 08, 2016
  • Modified on: Nov 08, 2016
  • Patch: Pre-3.8.0
Show
View Real Time Build Order
Export as new Build Order

Comments (0)

There are no comments. Be the first!

Create an account to comment!